 Dungeon Crawl Stone Soup version 0.31-a0-625-gc9c7e45f3f (webtiles) character file.

Game seed: 11776169888724593232

5957 UrugIsMale the Fighter (level 11, -8/87 HPs)
             Began as a Human Cinder Acolyte on Aug 24, 2023.
             Was a High Priest of Ignis.
             Mangled by a skeletal warrior
             ... wielding a +0 halberd
              (13 damage)
             ... on level 9 of the Dungeon.
             The game lasted 00:35:16 (10832 turns).

UrugIsMale the Fighter (Human Cinder Acolyte)      Turns: 10832, Time: 00:35:16

Health: -8/87      AC: 21    Str: 16    XL:     11   Next: 9%
Magic:  0/32       EV: 13    Int: 15    God:    Ignis [*****.]
Gold:   304        SH:  0    Dex: 11    Spells: 5/14 levels left

rFire   + + .        b - +7 staff of the Meek {protect, meekguard}
rCold   + . .        (shield currently unavailable)
rNeg    . . .        C - +0 steam dragon scales
rPois   .            (no helmet)
rElec   .            J - scarf {rC+ rF+}
rCorr   .            (no gloves)
SInv    .            D - +0 pair of boots
Will    .....        n - amulet of guardian spirit
Stlth   ++           k - ring of magical power
HPRegen 0.34/turn    d - ring of magical power
MPRegen 0.23/turn

%: guardian spirit
@: under a protective aura
A: no striking features
a: Renounce Religion, Fiery Armour, Foxfire Swarm, Rising Flame


You were on level 9 of the Dungeon.
You worshipped Ignis.
Ignis was extremely pleased with you.
You visited 1 branch of the dungeon, and saw 9 of its levels.

You collected 604 gold pieces.
You spent 300 gold pieces at shops.

Inventory:

Hand Weapons
 a - a -1 mace of flaming
 b - the +7 staff of the Meek (weapon) {protect, meekguard}
   (You found it on level 4 of the Dungeon)
 s - a +3 whip
 t - a +0 sling
 B - a +3 war axe of flaming
 L - a +3 morningstar
Missiles
 f - 40 poisoned darts (quivered)
 v - 2 curare-tipped darts
Armour
 c - an orb of light
 C - +0 steam dragon scales (worn)
 D - a +0 pair of boots (worn)
 G - a +0 troll leather armour
 J - a scarf of resistance (worn)
 N - a +2 robe of cold resistance
Jewellery
 d - a ring of magical power (right hand)
 k - a ring of magical power (left hand)
 n - an amulet of guardian spirit (around neck)
 w - a ring of resist corrosion
 I - a ring of positive energy
 O - a ring of see invisible
Wands
 x - a wand of polymorph (6)
 A - a wand of roots (8)
Scrolls
 h - a scroll of immolation
 i - a scroll of vulnerability {unknown}
 m - a scroll of fear {unknown}
 p - a scroll of brand weapon {unknown}
 u - a scroll of amnesia {unknown}
 y - a scroll of silence {unknown}
 z - a scroll of fog {unknown}
 F - 3 scrolls of identify
 K - a scroll of poison
 M - a scroll of noise {unknown}
Potions
 e - 2 potions of haste
 g - 2 potions of heal wounds
 j - 2 potions of curing
 l - 2 potions of lignification
 o - a potion of ambrosia
 q - a potion of resistance
 r - 2 potions of attraction
 H - 2 potions of invisibility
 P - a potion of degeneration {unknown}


   Skills:
 * Level 8.7 Fighting
 * Level 8.6 Maces & Flails
 + Level 5.0 Armour
 + Level 4.2 Dodging
 - Level 3.5 Stealth
 - Level 2.0 Spellcasting
 - Level 5.0 Translocations
 + Level 6.4 Fire Magic
 + Level 0.9 Air Magic
 + Level 0.9 Poison Magic


You had 5 spell levels left.
You knew the following spells:

 Your Spells              Type           Power      Damage    Failure   Level
a - Scorch                Fire           40%        2d6       2%          2
b - Blink                 Tloc           32%        N/A       4%          2
c - Volatile Blastmotes   Fire/Tloc      36%        2d13      6%          3
d - Poisonous Vapours     Pois/Air       8%         N/A       22%         2

Your spell library contained the following spells:

 Spells                   Type           Power      Damage    Failure   Level
 Apportation              Tloc           32%        N/A       2%          1
 Lesser Beckoning         Tloc           32%        N/A       4%          2
 Momentum Strike          Conj/Tloc      18%        3d8       12%         2
 Sting                    Tmut/Pois      8%         1d3       19%         1
 Necrotise                Necr           4%         1d4       22%         1
 Summon Small Mammal      Summ           4%         N/A       22%         1
 Dazzling Flash           Conj/Hex       2%         N/A       54%         3
 Summon Guardian Golem    Hex/Summ       1%         N/A       54%         3
 Olgreb's Toxic Radiance  Pois           4%         N/A       83%         4
 Agony                    Necr           1%         N/A       99%         5
 Silence                  Hex/Air        1%         N/A       99%         5
 Starburst                Conj/Fire      5%         6d4       100%        6
 Orb of Destruction       Conj           0%         9d5       100%        7
 Spellforged Servitor     Conj/Summ      0%         N/A       100%        7
 Maxwell's Capacitive Co  Air            2%         ∞         100%        8


Dungeon Overview and Level Annotations

Branches:
Dungeon (9/15)             Temple (0/1) D:5
   Lair: D:8-11         Orc: D:9-12

Altars:
Elyvilon
Hepliaklqana
Kikubaaqudgha
Qazlal
Ru
Sif Muna
Vehumet
Xom

Shops:
D:8 *


Message History

The cloud of blastmotes explodes!
The concussive blast engulfs the skeletal warrior!
The skeletal warrior is lightly damaged.
Casting: Scorch (safe; 2% risk of failure)
Confirm with . or Enter, or press ? or * to list all spells.
Flames lash the skeletal warrior but do no damage.
The skeletal warrior hits you from afar with a +0 halberd!!
Unknown command.
Casting: Scorch (safe; 2% risk of failure)
Confirm with . or Enter, or press ? or * to list all spells.
Flames lash the skeletal warrior.
The skeletal warrior is lightly damaged.
The skeletal warrior's fire resistance burns away.
The skeletal warrior hits you from afar with a +0 halberd!!
Unknown command.
Unknown command.
The skeletal warrior attacks as it pursues you!
The skeletal warrior hits you from afar with a +0 halberd!
The cloud of blastmotes explodes!
The concussive blast engulfs the skeletal warrior.
The skeletal warrior is burned terribly!
The skeletal warrior is moderately damaged.
The skeletal warrior hits you with a +0 halberd!!
You sock the skeletal warrior!
Your weapon exudes an aura of protection.
The skeletal warrior is moderately damaged.
The skeletal warrior hits you with a +0 halberd!!
* * * LOW HITPOINT WARNING * * *
You hit the skeletal warrior but do no damage.
The skeletal warrior is moderately damaged.
The skeletal warrior is no longer more vulnerable to fire.
The skeletal warrior hits you with a +0 halberd!
* * * LOW HITPOINT WARNING * * *
You closely miss the skeletal warrior.
The skeletal warrior is moderately damaged.
The skeletal warrior barely misses you.
You hit the skeletal warrior but do no damage.
The skeletal warrior is moderately damaged.
The skeletal warrior hits you with a +0 halberd!
You die...

*,,...[......##...#.##....
*.............#..##..###..
*.............#..#........
*................#........
*.............#.....###.##
*.............#....##.....
*.........%..###..##......
*..........#########......
*........@z...............
*.........................
*......########...........
*.....)*),,,,,*,..........
*.....,),,,,,,**##########
*.....)*,,,,,,,,,,,,,,,,,,
*....,,*,,,,,,,***''***,,,
*....,,*,,,,,,,*,,,,,,*,,,
*,,,,,,*,,,,,,,*,,,,,,*,,,


You could see a skeletal warrior.

Vanquished Creatures
  Maggie (D:6)
  2 trolls (D:9)
  Prince Ribbit (D:6)
  A vampire (D:9)
  9 yaks
  A wyvern (D:9)
  A steam dragon (D:7)
  2 vampire mosquitoes (D:9)
  A black bear (D:6)
  2 orc warriors
  2 ice beasts
  An ogre (D:5)
  3 centaurs
  2 phantoms
  2 kobold brigands
  5 bullfrogs
  A scorpion (D:4)
  5 wights (D:8)
  5 killer bees (D:9)
  3 howler monkeys
  9 orc priests
  2 hounds
  A gnoll bouda (D:9)
  4 jellies
  3 iguanas
  2 sleepcaps
  Jessica (D:2)
  Terence (D:2)
  6 orc wizards
  5 gnolls (D:9)
  7 adders
  2 white imps
  3 ufetubi
  4 worms
  A dart slug (D:1)
  33 orcs
  A bat (D:3)
  3 bat zombies (D:3)
  15 endoplasms
  7 giant cockroaches
  7 goblins
  5 hobgoblins
  11 kobolds
  3 quokkas
  2 ball pythons
  4 frilled lizards
  4 rats
  2 rat zombies (D:3)
  A spectral orc (D:5)
199 creatures vanquished.

Notes
Turn   | Place    | Note
-------+----------+-------------------------------------------
     0 | D:1      | UrugIsMale the Human Cinder Acolyte began the quest for the
                  | Orb.
     0 | D:1      | Reached XP level 1. HP: 18/18 MP: 2/2
   263 | D:1      | Reached XP level 2. HP: 16/24 MP: 3/3
   298 | D:1      | Learned a level 2 spell: Scorch
   753 | D:2      | Noticed Terence
   831 | D:2      | Reached XP level 3. HP: 29/29 MP: 0/4
   835 | D:2      | Noticed Jessica
   848 | D:2      | Killed Jessica
   849 | D:2      | Reached skill level 1 in Stealth
   849 | D:2      | Reached XP level 4. HP: 35/35 MP: 0/6
  1363 | D:2      | Found a white marble altar of Elyvilon.
  1591 | D:2      | Killed Terence
  1827 | D:2      | Reached XP level 5. HP: 42/42 MP: 7/7
  2282 | D:3      | Reached XP level 6. HP: 35/48 MP: 8/9
  2468 | D:3      | Learned a level 2 spell: Blink
  3144 | D:3      | Found an ancient bone altar of Kikubaaqudgha.
  3856 | D:4      | Reached XP level 7. HP: 55/55 MP: 10/10
  3918 | D:4      | Found a sacrificial altar of Ru.
  4235 | D:4      | Found the +7 staff of the Meek {protect, meekguard}
  4464 | D:5      | Entered Level 5 of the Dungeon
  4546 | D:5      | Reached skill level 5 in Fighting
  4592 | D:5      | Reached skill level 5 in Maces & Flails
  4602 | D:5      | Reached skill level 1 in Armour
  4697 | D:5      | Found a staircase to the Ecumenical Temple.
  5075 | D:5      | Reached XP level 8. HP: 63/63 MP: 11/11
  5363 | D:5      | Found a hazy altar of Hepliaklqana.
  6112 | D:6      | Reached skill level 1 in Dodging
  6165 | D:6      | Learned a level 3 spell: Volatile Blastmotes
  6466 | D:6      | Noticed Prince Ribbit
  6474 | D:6      | Killed Prince Ribbit
  6475 | D:6      | Reached skill level 1 in Translocations
  6475 | D:6      | Reached XP level 9. HP: 51/70 MP: 12/12
  6558 | D:6      | Reached skill level 5 in Fire Magic
  6610 | D:6      | Noticed Maggie
  6626 | D:6      | Killed Maggie
  7477 | D:7      | Identified the +9 spear "Hydra's Undoing" {flame, rN+}
  7682 | D:8      | Identified the +6 great sword of Hil Uxeb {heavy, *Slow
                  | +Blink rPois rCorr}
  7874 | D:8      | Found a stormy altar of Qazlal.
  7874 | D:8      | Found a shimmering blue altar of Sif Muna.
  7875 | D:8      | Found a radiant altar of Vehumet.
  7936 | D:8      | Reached XP level 10. HP: 79/79 MP: 13/13
  8060 | D:8      | Found Ypebloimu's Assorted Antiques.
  8069 | D:8      | Bought 3 scrolls labelled EXIYGE IBEW for 75 gold pieces
  8069 | D:8      | Bought a scroll labelled FOGERCHO GERPHU for 25 gold pieces
  8073 | D:8      | Bought a runed scarf for 200 gold pieces
  8611 | D:8      | Found a white marble altar of Elyvilon.
  8612 | D:8      | Found a shimmering altar of Xom.
  8849 | D:9      | Reached skill level 5 in Translocations
  9222 | D:9      | Noticed a skeletal warrior
  9596 | D:9      | Learned a level 2 spell: Poisonous Vapours
  9643 | D:9      | Reached XP level 11. HP: 74/87 MP: 14/14
 10409 | D:9      | Reached skill level 5 in Armour
 10830 | D:9      | HP: 4/87 [skeletal warrior/+0 halberd (11)]
 10832 | D:9      | Mangled by a skeletal warrior

Illustrated notes

Levels and vault maps discovered:
D:1:      spicycebolla_arrival_xxxplode, layout_basic
D:2:      layout_rooms, serial_forest, infiniplex_forest_join,
          infiniplex_forest_lined_3, infiniplex_forest_lined_3,
          infiniplex_forest_clump_large, infiniplex_forest_straight_2,
          infiniplex_forest_clump_diagonal, infiniplex_forest_end_2,
          basic_altar, grunt_ministairs_3, reono_crystal_passage, uniq_jessica,
          uniq_terence
D:3:      layout_basic, lemuel_zombie_altar_kikubaaqudgha
D:4:      layout_loops_corners, nicolae_overflow_crystal_walls,
          pf_guarded_unrand_meek
D:5:      layout_layer_cave, nicolae_hepliaklqana_monster_ancestors,
          minmay_temple_entry_large_hall
D:6:      layout_gridville, grunt_ministairs_6, uniq_maggie, uniq_prince_ribbit1
D:7:      layout_cave_pools, corner_web_ring
D:8:      layout_basic, gammafunk_temple_overflow_claw,
          gammafunk_temple_overflow_statue, st_stairs_2, kennysheep_small_square
D:9:      minmay_curly_fans, layout_irregular_city

Skill      XL: |  1  2  3  4  5  6  7  8  9 10 11 |
---------------+----------------------------------+-----
Stealth        | 1 2 3 |  3.5
Fighting       | 4 5 6 7 8 |  8.7
Maces & Flails | 4 5 6 7 8 |  8.6
Spellcasting   | 2 |  2.0
Fire Magic     | 4 5 6 |  6.4
Armour         | 1 2 3 4 5 |  5.0
Dodging        | 1 2 4 |  4.2
Translocations | 1 3 5 |  5.0
Air Magic      | |  0.9
Poison Magic   | |  0.9

Action                     |  1- 3 |  4- 6 |  7- 9 | 10-12 || total
---------------------------+-------+-------+-------+-------++-------
  Melee: Mace              |    43 |    56 |     1 |       ||   100
         Quarterstaff      |       |       |    95 |   168 ||   263
  Throw: Dart              |       |       |     7 |     1 ||     8
   Cast: Scorch            |     4 |    68 |   107 |    45 ||   224
         Volatile Blastmot |       |       |       |    18 ||    18
    Use: Scroll            |     1 |     5 |     4 |     3 ||    13
         Potion            |       |       |       |     2 ||     2
   Stab: Sleeping          |       |       |     1 |       ||     1
 Armour: Leather armour    |     5 |     4 |       |       ||     9
         Robe              |     1 |       |       |       ||     1
         Ring mail         |       |    25 |    36 |       ||    61
         Steam dragon scal |       |       |    23 |    65 ||    88
  Dodge: Dodged            |    21 |    41 |    77 |   130 ||   269

Table legend: (Time is in decaauts)
 A = Elapsed time spent in this place.
 B = Non-inter-level travel time spent in this place.
 C = Inter-level travel time spent in this place.
 D = Time resting spent in this place.
 E = Time spent auto-exploring this place.
 F = Levels seen in this place.
 G = Mean time per level.
                   A        B        C        D        E       F      G
               +--------+--------+--------+--------+--------+-----+--------+
         Total |  10874 |  10641 |    233 |   2769 |   5636 |   9 | 1208.2 |
       Dungeon |  10874 |  10641 |    233 |   2769 |   5636 |   9 | 1208.2 |
               +--------+--------+--------+--------+--------+-----+--------+

Top non-repeatable levels by time:
     D:9: 2052 daAuts
     D:6: 1414 daAuts
     D:4: 1266 daAuts
     D:5: 1260 daAuts
     D:3: 1221 daAuts
     D:2: 1221 daAuts
     D:8: 1144 daAuts
     D:1: 775 daAuts
     D:7: 518 daAuts
